 Dungeon Crawl Stone Soup version 0.30.0-5-g1a98f26d00 (webtiles) character file.

Game seed: 2886767087221769612

337087 SnakkuSnakku7 the Warrior (level 22, -23/211 HPs)
             Began as a Human Cinder Acolyte on May 13, 2023.
             Was the Champion of Jiyva.
             Annihilated by a golden dragon (35 damage)
             ... on level 1 of the Realm of Zot.
             The game lasted 01:08:20 (36457 turns).

SnakkuSnakku7 the Warrior (Human Cinder Acolyte)   Turns: 36457, Time: 01:08:20

Health: -23/211    AC: 42    Str: 20    XL:     22   Next: 44%
Magic:  0/43       EV: 11    Int: 28    God:    Jiyva [******]
Gold:   927        SH: 13    Dex:  8    Spells: 37/37 levels left

rFire   + . .        a - +9 broad axe (freeze)
rCold   + . .        v - +1 kite shield {rC+}
rNeg    . . .        l - +9 storm dragon scales
rPois   .            j - +1 hat
rElec   +            U - +2 cloak
rCorr   +            u - +2 pair of gloves
SInv    +            T - +2 pair of boots
Will    ++...        q - amulet "Dicun" {Spirit Int+3 Slay+2} Stlth
                     s - +4 ring of protection
HPRegen 2.15/turn    o - ring of Satiador {rF+ MP+9 SInv}
MPRegen 0.78/turn

%: clarity, guardian spirit
@: hasted, very quick
A: antennae 1, fangs 2, see invisible, clarity, clever 2, strong-willed 1,
passive freeze, robust 1, gelatinous body 1, translucent skin 3, engulf, noise
suppression
}: 3/15 runes: decaying, serpentine, slimy
a: Renounce Religion, Oozemancy, Slimify


You were on level 1 of the Realm of Zot.
You worshipped Jiyva.
Jiyva was exalted by your worship.
You visited 8 branches of the dungeon, and saw 40 of its levels.
You visited 1 bazaar.
You also visited: Ossuary and Ice Cave.

You collected 3366 gold pieces.
You spent 2439 gold pieces at shops.

Inventory:

Hand Weapons
 a - a +9 broad axe of freezing (weapon)
Missiles
 B - 2 throwing nets (quivered)
Armour
 j - a +1 hat (worn)
 l - +9 storm dragon scales (worn)
 u - a +2 pair of gloves (worn)
 v - a +1 kite shield of cold resistance (worn)
 L - a +2 helmet
 T - a +2 pair of boots (worn)
 U - a +2 cloak (worn)
Jewellery
 b - a ring of willpower
 h - a +4 ring of slaying
 i - a +4 ring of protection
 o - the ring of Satiador (right hand) {rF+ MP+9 SInv}
   (You found it on level 3 of the Depths)

   [ring of see invisible]

   rF:        It protects you from fire.
   MP:        It affects your magic capacity (+9).
   SInv:      It lets you see invisible.
 q - the amulet "Dicun" (around neck) {Spirit Int+3 Slay+2}
   (You acquired it on level 12 of the Dungeon)

   [amulet of guardian spirit]

   It causes incoming damage to be divided between your reserves of health and
   magic.
   Int:       It affects your intelligence (+3).
   Slay:      It affects your accuracy & damage with ranged weapons and melee
   (+2).
 s - a +4 ring of protection (left hand)
 M - a ring of protection from cold
Wands
 m - a wand of roots (38)
 t - a wand of flame (55)
 G - a wand of charming (56)
 I - a wand of mindburst (12)
 O - a wand of light (12)
Scrolls
 d - 11 scrolls of teleportation
 f - 6 scrolls of magic mapping
 g - 5 scrolls of fog
 n - 7 scrolls of amnesia
 y - 2 scrolls of summoning
 E - a scroll of silence
 H - a scroll of torment
 J - 2 scrolls of poison
 N - 2 scrolls of fear
 Q - 6 scrolls of immolation
 S - 8 scrolls of vulnerability
Potions
 c - 5 potions of magic
 e - 11 potions of curing
 k - a potion of resistance
 r - 11 potions of mutation
 w - 4 potions of attraction
 z - 3 potions of haste
 A - 3 potions of flight
 K - 3 potions of might
 P - a potion of ambrosia
 R - 2 potions of cancellation
 W - a potion of brilliance
Miscellaneous
 V - a condenser vane
 X - a phial of floods


   Skills:
 + Level 20.9 Fighting
 - Level 14.9(18.0) Axes
 - Level 4.3(10.6) Maces & Flails
 - Level 15.8(18.2) Polearms
 - Level 15.0 Armour
 - Level 10.1 Dodging
 - Level 15.0 Shields
 - Level 8.0 Spellcasting
 - Level 3.0 Fire Magic


You had 37 spell levels left.
You didn't know any spells.
Your spell library contained the following spells:

 Spells                   Type           Power      Damage    Failure   Level
 Scorch                   Fire           56%        2d7       19%         2
 Beastly Appendage        Tmut           22%        N/A       38%         1
 Freeze                   Ice            44%        1d6       38%         1
 Slow                     Hex            44%        N/A       38%         1
 Blink                    Tloc           22%        N/A       52%         2
 Lesser Beckoning         Tloc           22%        N/A       52%         2
 Passwall                 Tmut/Erth      9%         N/A       52%         2
 Wereblood                Tmut           11%        N/A       52%         2
 Volatile Blastmotes      Fire/Tloc      38%        2d13      54%         3
 Ignite Poison            Fire/Tmut/Pois 16%        N/A       63%         3
 Confusing Touch          Hex            11%        N/A       77%         3
 Dazzling Flash           Conj/Hex       22%        N/A       77%         3
 Frozen Ramparts          Ice            22%        1d4       77%         3
 Gell's Gravitas          Tloc           11%        N/A       77%         3
 Hailstorm                Conj/Ice       11%        3d5       77%         3
 Ozocubu's Armour         Ice            11%        N/A       77%         3
 Spider Form              Tmut/Pois      11%        N/A       77%         3
 Summon Guardian Golem    Hex/Summ       11%        N/A       77%         3
 Teleport Other           Tloc           11%        N/A       77%         3
 Vampiric Draining        Necr           11%        2d6       77%         3
 Sticky Flame             Conj/Fire      19%        2d4       91%         4
 Ice Form                 Ice/Tmut       11%        N/A       99%         4
 Leda's Liquefaction      Hex/Erth       5%         N/A       99%         4
 Manifold Assault         Tloc           11%        N/A       99%         4
 Alistair's Intoxication  Tmut/Pois      7%         N/A       100%        5
 Blade Hands              Tmut           5%         N/A       100%        5
 Irradiate                Conj/Tmut      5%         3d13      100%        5
 Yara's Violent Unravell  Hex/Tmut       5%         3d4       100%        5
 Iron Shot                Conj/Erth      5%         9d2       100%        6
 Starburst                Conj/Fire      9%         6d5       100%        6
 Statue Form              Tmut/Erth      7%         N/A       100%        6
 Dragon Form              Tmut           5%         N/A       100%        7
 Malign Gateway           Summ/Tloc      5%         N/A       100%        7
 Ozocubu's Refrigeration  Ice            5%         4d8       100%        7
 Storm Form               Tmut/Air       5%         N/A       100%        7
 Summon Horrible Things   Summ           5%         N/A       100%        8


Dungeon Overview and Level Annotations

Branches:
Dungeon (15/15)            Temple (0/1) D:4            Lair (5/5) D:11
  Swamp (4/4) Lair:2        Snake (4/4) Lair:3        Slime (5/5) Lair:4
    Orc (2/2) D:12            Elf (0/3) Orc:2        Vaults (0/5) D:13
 Depths (4/4) D:15            Zot (1/5) Depths:4    Ossuary (visited)
  IceCv (visited)

Altars:
Ashenzari
Cheibriados
Dithmenos
Gozag
Hepliaklqana
Kikubaaqudgha
Okawaru
Xom
The Shining One
Jiyva

Shops:
D:1 *:!?   Orc:1 *?!   Orc:2 [[?[   Snake:2 ==:   Snake:4 [   Depths:1 ::
Depths:2 [   Depths:3 :

Portals:
Hell: Depths:1 Depths:2 Depths:3 Depths:4
Abyss: Depths:3
Pandemonium: Depths:1 Depths:2
Ziggurat: Depths:1
Trove: Depths:1 (give 8 scrolls of fog)

Annotations:
Slime:5 Royal Jelly


Innate Abilities, Weirdness & Mutations

You have a pair of small antennae on your head.
You have extremely sharp teeth.
You have supernaturally acute eyesight. (SInv)
You possess an exceptional clarity of mind.
Your mind is very acute. (Int +8, Str/Dex -2)
You are strong-willed. (Will+)
A frigid envelope surrounds you and freezes all who hurt you.
You are robust. (+10% HP)
Your rubbery body absorbs attacks. (AC +1, EV +1)
Your transparent skin significantly reduces your foes' accuracy. (Stealth+)
Your melee attacks may engulf your foes in ooze.
You passively dampen the noise of your surroundings.


Message History

The golden dragon is heavily wounded.
Unknown command.
You slash the golden dragon! You freeze the golden dragon.
The golden dragon is heavily wounded.
The golden dragon bites you.
* * * LOW HITPOINT WARNING * * *
The golden dragon claws you but does no damage.
The golden dragon completely resists.
You block the golden dragon's attack.
Unknown command.
You feel yourself speed up. The golden dragon bites you!!!
* * * LOW HITPOINT WARNING * * *
The golden dragon resists.
The golden dragon is very cold.
The golden dragon is heavily wounded.
You block the golden dragon's attack.
The golden dragon tramples you but does no damage.
The golden dragon bites you!!
* * * LOW HITPOINT WARNING * * *
The golden dragon resists.
The golden dragon is very cold.
The golden dragon is heavily wounded.
The golden dragon closely misses you. The golden dragon barely misses you.
Okay, then.
A black draconian comes into view. It is wielding a +0 battleaxe.
You block the golden dragon's attack.
The golden dragon claws you but does no damage.
The golden dragon completely resists.
You block the golden dragon's attack.
The golden dragon attacks as you move away!
You block the golden dragon's attack.
The golden dragon claws you but does no damage.
The golden dragon resists.
The golden dragon is very cold.
The golden dragon is heavily wounded.
The golden dragon tramples you but does no damage.
The golden dragon resists.
The golden dragon is very cold.
The golden dragon is heavily wounded.
The black draconian roars!
The black draconian breathes lightning at you.
The bolt of lightning misses you.
You hear a roar!
The golden dragon attacks as you move away!
The golden dragon bites you!!!
You die...

,,,,,,*,,,,+,,,,,+,,##........#*,
,,,,*,*,*,,**,,,**,##...###..##,,
,,*,*,,####***,***##.).)..####,,,
,**,,,*#...##*** #...)...###,,,,
,*,,***......* #>.[#.....+,,,,
,,,,*,,,.....######...#.....#,,,,
,*,**,,,,#.....##.....###...#*,,,
,***,,,,,#.....##....##......#*,,
,,**,,,**###...#@..)....##....#*,
,,***,** #...†.D...###...#.....**
,** *****#....##.....##.(#*#...,*
** #.....#*#####......#*#..,,
****##...#***,,,*#.d...#,**,,,
*,,**#..#***,,,,*,...###>,**,,
*,,,*###*,,*,,,**,,....*,,*,,,
*,,,,,*,,,,*,,,,*,*,...,,,*,,,
**,,,,*,,,,,,,,,,,*,...,,,,,,*


You could see a golden dragon (berserk) and a black draconian (catching breath).

Vanquished Creatures
  2 ancient liches (Depths:3)
  3 caustic shrikes (Depths:4)
  A golden dragon (Depths:3)
  the Enchantress (Depths:2)
  Mlioglotl (Swamp:3)
  A tentacled monstrosity (Depths:4)
  4 liches
  A quicksilver dragon (Zot:1)
  Frances (D:14)
  2 sphinxes (Depths:2)
  3 storm dragons (Depths:4)
  Kirke (Swamp:2)
  A tengu reaver (Depths:4)
  A thorn hunter (Swamp:1)
  2 draconian monks
  Donald (Swamp:2)
  Agnes (D:14)
  2 fire giants
  A nagaraja (Snake:4)
  2 deep elf sorcerers (Depths:3)
  8 frost giants
  2 draconian shifters
  A curse skull (Depths:3)
  An orc warlord (Orc:1)
  Louise (D:15)
  A draconian annihilator (Depths:3)
  13 very ugly things
  2 vampire knights (Depths:3)
  A reaper (Depths:1)
  An ironbound preserver (D:13)
  11 stone giants
  2 spriggan defenders (Depths:2)
  6 eleionomae
  A deep elf demonologist (Depths:3)
  2 green draconians (Zot:1)
  A black draconian (Depths:4)
  A deep elf annihilator (Depths:3)
  A purple draconian (Depths:4)
  3 red draconians
  3 white draconians
  A dire elephant (D:15)
  A minotaur (Lair:4)
  10 bunyips
  A yellow draconian (Depths:4)
  The ghost of Ekulo the Destroyer, a journeyman DrAE of Vehumet (D:11)
  4 ettins
  2 merfolk impalers (Depths:4)
  A deep elf high priest (Depths:2)
  3 shambling mangroves
  2 fire dragons
  8 ice dragons
  A salamander tyrant (Snake:4)
  2 catoblepae
  26 hydras
  5 spriggan air magi
  2 ghost crabs
  3 rakshasas
  Erica (D:8)
  2 ogre magi
  2 boulder beetles
  4 centaur warriors
  16 naga warriors
  A merfolk aquamancer (Depths:3)
  8 alligators
  6 anacondas
  15 two-headed ogres
  12 death yaks
  8 deep troll shamans
  2 deep troll earth magi (Depths:1)
  4 satyrs (Depths:2)
  8 tengu warriors
  An orc high priest (Orc:1)
  6 hell knights
  4 shock serpents
  2 vampire magi
  The ghost of agentgt the Grappler, a novice CeCK of Xom (D:11)
  A deep elf knight (Depths:2)
  14 naga sharpshooters
  8 spriggan berserkers
  7 soul eaters
  3 sun demons
  5 iron trolls
  2 skysharks (Lair:5)
  6 salamander mystics
  A fire crab (shapeshifter) (D:13)
  6 goliath frogs
  2 flayed ghosts
  11 deep trolls
  4 anaconda zombies (Snake:3)
  7 spriggan druids
  2 spectral anacondas (Snake:3)
  Pikel (D:4)
  6 bog bodies
  2 deep elf archers (Depths:2)
  4 anaconda skeletons (Snake:3)
  A necromancer (Depths:3)
  11 swamp dragons
  8 naga ritualists
  2 phantasmal warriors (Depths:2)
  7 wizards
  4 deep elf pyromancers
  12 mana vipers
  A wolf spider (shapeshifter) (D:15)
  24 ugly things
  A deep elf zephyrmancer (Depths:3)
  2 will-o-the-wisps
  6 cyclopes
  4 orc sorcerers
  5 manticores
  12 salamanders
  A moth of wrath (Zot:1)
  5 fauns (Depths:2)
  32 black mambas
  Maurice (Orc:1)
  A black mamba (shapeshifter) (D:14)
  3 guardian serpents
  21 naga magi
  An ice statue (IceCv)
  10 elephants
  A smoke demon (Depths:1)
  A gargoyle (D:7)
  3 unseen horrors (Depths:3)
  12 komodo dragons
  21 cane toads
  Maggie (D:6)
  A kobold demonologist (D:12)
  8 rime drakes
  2 anaconda simulacra (Snake:3)
  A yaktaur (shapeshifter) (D:14)
  5 tengu conjurers
  2 red devils (Depths:1)
  A silent spectre (Depths:3)
  8 polar bears
  14 tyrant leeches
  A wind drake (shapeshifter) (D:14)
  11 trolls
  21 hornets
  23 blink frogs
  23 spriggans
  A vampire (D:14)
  2 wraiths
  4 wyverns
  Grum (D:9)
  9 water elementals (Depths:4)
  47 yaks
  A redback (shapeshifter) (Depths:1)
  27 vampire mosquitoes
  6 basilisks
  2 steam dragons
  8 fire elementals
  A chaos spawn (Depths:3)
  2 wargs
  47 nagas
  15 water moccasins
  2 acid dragons (D:13)
  14 swamp worms
  A floating eye (shapeshifter) (D:15)
  3 large abominations (Depths:3)
  2 sky beasts
  8 orc warriors
  9 swamp drakes
  3 black bears
  24 ogres
  20 wolves
  11 centaurs
  2 phantoms
  2 kobold brigands
  An elf zombie (Ossuary)
  The ghost of monsoonserge the Covert, an amateur SpDe (D:5)
  A necrophage (D:7)
  14 bullfrogs
  3 gnoll sergeants
  A wyvern zombie (D:7)
  3 scorpions
  A cane toad simulacrum (Lair:1)
  6 small abominations (Depths:3)
  2 water moccasin zombies
  2 wights (D:7)
  4 killer bees
  A water moccasin skeleton (D:5)
  2 troll zombies (Swamp:4)
  A troll skeleton (Swamp:4)
  2 electric eels (Lair:5)
  4 howler monkeys
  3 centaur zombies
  2 hounds
  7 orc priests
  4 jellies
  3 human zombies
  Crazy Yiuf (D:4)
  Ijyb (D:3)
  Natasha (thrice) (D:2)
  2 iguanas
  14 orc wizards
  21 hell rats
  A wolf simulacrum (Lair:1)
  2 killer bee zombies (D:7)
  3 mummies
  A howler monkey zombie (D:7)
  12 gnolls
  5 adders
  A shadow imp (D:7)
  2 white imps
  3 ufetubi
  A worm (D:2)
  6 dart slugs
  61 orcs
  6 endoplasms
  A giant cockroach (D:4)
  2 gnoll zombies (Ossuary)
  7 goblins
  4 hobgoblins
  9 jackals
  9 kobolds
  6 quokkas
  5 ball pythons
  3 bats
  4 frilled lizards
  7 goblin zombies (Ossuary)
  2 hobgoblin zombies (Ossuary)
  A jackal zombie (D:6)
  3 rats
1248 creatures vanquished.

Vanquished Creatures (collateral kills)
  Roxanne (Swamp:4)
  A nagaraja (Snake:4)
  A deep elf demonologist (Depths:3)
  A salamander mystic (Snake:4)
  A necromancer (Depths:3)
  A yak (IceCv)
6 creatures vanquished.

Vanquished Creatures (others)
  A very ugly thing (Depths:2)
  A vampire knight (Depths:2)
  The ghost of TheFallenCrow the Cleaver, a novice DsGl of Makhleb (D:11)
  A deep troll earth mage (Depths:3)
  A glowing orange brain (Depths:3)
  2 naga magi
  2 tengu conjurers
  5 bloated husks
  7 slime creatures
  A water elemental (Depths:4)
  3 humans
  2 vampire mosquitoes (D:14)
  2 nagas
  A swamp worm (Swamp:1)
  An acid dragon (D:12)
  An orc warrior (Orc:2)
  2 small abominations (Depths:3)
  A howler monkey (D:13)
  100 jellies
  An orc priest (Orc:2)
  2 orc wizards (Orc:2)
  4 orcs (Orc:2)
  20 foxfires
162 creatures vanquished.

Grand Total: 1416 creatures vanquished

Notes
Turn   | Place    | Note
-------+----------+-------------------------------------------
     0 | D:1      | SnakkuSnakku7 the Human Cinder Acolyte began the quest for
                  | the Orb.
     0 | D:1      | Reached XP level 1. HP: 18/18 MP: 2/2
    55 | D:1      | Found Jehehe's General Store.
    94 | D:1      | Found Huem Iru's Distillery.
    96 | D:1      | Found Syfraih's Magic Scroll Shop.
   108 | D:1      | Reached XP level 2. HP: 17/24 MP: 3/3
   119 | D:1      | Bought a scroll of noise for 12 gold pieces
   200 | D:1      | Found Denwutz's Book Shoppe.
   424 | D:1      | Reached XP level 3. HP: 29/29 MP: 4/4
  1110 | D:2      | Noticed Natasha
  1113 | D:2      | Killed Natasha
  1114 | D:2      | Reached skill level 1 in Polearms
  1114 | D:2      | Reached XP level 4. HP: 34/35 MP: 5/5
  1518 | D:2      | Noticed Natasha
  1527 | D:2      | Killed Natasha
  1528 | D:2      | Reached XP level 5. HP: 15/41 MP: 6/6
  2064 | D:2      | Noticed Natasha
  2076 | D:2      | Killed Natasha
  2364 | D:3      | Noticed a kobold brigand
  2555 | D:3      | Noticed a shadow
  2556 | D:3      | Found a shadowy altar of Dithmenos.
  2557 | D:3      | Found a hazy altar of Hepliaklqana.
  2712 | D:3      | Killed a kobold brigand
  2713 | D:3      | Reached XP level 6. HP: 7/47 MP: 7/7
  2999 | D:3      | Noticed Ijyb
  3019 | D:3      | Killed Ijyb
  3222 | D:4      | Reached skill level 5 in Polearms
  3333 | D:4      | Found a staircase to the Ecumenical Temple.
  3490 | D:4      | Reached XP level 7. HP: 50/52 MP: 8/8
  3745 | D:4      | Found a runed translucent door.
  3746 | D:4      | Noticed Crazy Yiuf
  3803 | D:4      | Found the +4 robe of Augmentation {Str+4 Int+4 Dex+4}
  4059 | D:4      | Noticed Pikel
  4073 | D:4      | Killed Pikel
  4074 | D:4      | Reached XP level 8. HP: 8/58 MP: 9/9
  4449 | D:4      | Killed Crazy Yiuf
  4497 | D:5      | Entered Level 5 of the Dungeon
  4503 | D:5      | Identified the +0 pair of gloves of Giruag {rC+ Str+3
                  | Stlth-}
  4550 | D:5      | Found a runed translucent gate.
  4550 | D:5      | Found a runed translucent gate.
  4550 | D:5      | Found a runed translucent gate.
  4555 | D:5      | Noticed monsoonserge's ghost (amateur SpDe)
  4733 | D:5      | Reached XP level 9. HP: 8/63 MP: 10/10
  5041 | D:5      | Reached skill level 10 in Polearms
  5436 | D:5      | Killed monsoonserge's ghost
  5630 | D:6      | Found a shimmering altar of Xom.
  5720 | D:6      | Found a sand-covered staircase.
  5733 | Ossuary  | Entered an ossuary
  6152 | D:6      | Found a shadowy altar of Dithmenos.
  6274 | D:6      | Noticed Maggie
  6292 | D:6      | Killed Maggie
  6293 | D:6      | Reached XP level 10. HP: 41/70 MP: 11/11
  6795 | D:7      | Noticed a gargoyle
  6800 | D:7      | Killed a gargoyle
  6833 | D:7      | Identified the +1 leather armour "Yxoegg" {MP+9 Str+4
                  | Int-4}
  6942 | D:7      | Identified the +0 ring mail of Repulsion {Str+6 Dex-2 SInv}
  7537 | D:7      | Found an ancient bone altar of Kikubaaqudgha.
  7864 | D:8      | Identified the +3 leather armour "Arutisin" {rN+ Will++
                  | Str-3 Int+2}
  7872 | D:8      | Noticed Erica
  8066 | D:8      | Killed Erica
  8067 | D:8      | Reached skill level 15 in Polearms
  8067 | D:8      | Reached XP level 11. HP: 55/75 MP: 12/12
  8309 | D:8      | Noticed Grum
  8328 | D:8      | HP: 2/75 [something/ball of steam (6)]
  8565 | D:9      | Killed Grum
  9333 | D:9      | Noticed a two-headed ogre
  9349 | D:9      | Killed a two-headed ogre
  9350 | D:9      | Reached skill level 4 in Fighting
  9478 | D:9      | Found an iron altar of Okawaru.
  9572 | D:9      | Reached skill level 5 in Fighting
  9621 | D:10     | Entered Level 10 of the Dungeon
  9912 | D:10     | Reached skill level 6 in Fighting
 10738 | D:11     | Reached skill level 7 in Fighting
 10913 | D:11     | Found a staircase to the Lair.
 11052 | D:11     | Noticed a cyclops
 11062 | D:11     | Killed a cyclops
 11119 | D:11     | Found a runed translucent gate.
 11119 | D:11     | Found a runed translucent gate.
 11119 | D:11     | Found a runed translucent gate.
 11123 | D:11     | Noticed TheFallenCrow's ghost (novice DsGl)
 11123 | D:11     | Noticed Ekulo's ghost (journeyman DrAE)
 11123 | D:11     | Noticed agentgt's ghost (novice CeCK)
 11202 | D:11     | Noticed a two-headed ogre
 11225 | D:11     | Killed a two-headed ogre
 11226 | D:11     | Reached skill level 8 in Fighting
 11504 | Lair:1   | Entered Level 1 of the Lair of Beasts
 11584 | Lair:1   | Reached XP level 12. HP: 56/94 MP: 13/13
 11615 | Lair:1   | HP: 4/94 [poisoned by a cane toad]
 11616 | Lair:1   | Reached skill level 9 in Fighting
 11870 | Lair:1   | Found a frozen archway.
 11890 | IceCv    | Entered an ice cave
 11900 | IceCv    | Reached skill level 1 in Dodging
 12215 | IceCv    | Reached skill level 5 in Dodging
 12254 | IceCv    | Noticed a death yak
 12270 | IceCv    | Killed a death yak
 12578 | IceCv    | Noticed a death yak
 12600 | IceCv    | Killed a death yak
 12625 | IceCv    | Noticed a death yak
 12631 | IceCv    | Noticed a death yak
 12635 | IceCv    | Noticed a death yak
 12643 | IceCv    | Killed a death yak
 12660 | IceCv    | Killed a death yak
 12684 | IceCv    | Killed a death yak
 12959 | IceCv    | Noticed a frost giant
 12959 | IceCv    | Noticed a death yak
 13002 | IceCv    | Killed a death yak
 13003 | IceCv    | Reached XP level 13. HP: 75/101 MP: 14/14
 13015 | IceCv    | Killed a frost giant
 13023 | IceCv    | Reached skill level 10 in Dodging
 13428 | D:1      | Bought a potion of haste for 100 gold pieces
 13428 | D:1      | Bought a potion of heal wounds for 50 gold pieces
 13428 | D:1      | Bought a potion of curing for 30 gold pieces
 13428 | D:1      | Bought a potion of haste for 100 gold pieces
 13428 | D:1      | Bought a potion of might for 40 gold pieces
 13428 | D:1      | Bought a potion of heal wounds for 50 gold pieces
 13428 | D:1      | Bought a potion of curing for 30 gold pieces
 13434 | D:1      | Bought a scroll of enchant armour for 90 gold pieces
 13434 | D:1      | Bought a scroll of enchant weapon for 90 gold pieces
 13434 | D:1      | Bought a scroll of identify for 24 gold pieces
 13434 | D:1      | Bought a scroll of identify for 24 gold pieces
 13434 | D:1      | Bought a scroll of identify for 24 gold pieces
 13434 | D:1      | Bought a scroll of identify for 24 gold pieces
 13462 | D:1      | Bought a +1 cloak for 115 gold pieces
 13933 | Lair:1   | Reached skill level 1 in Axes
 14496 | Lair:2   | Reached skill level 5 in Axes
 14858 | Lair:2   | Noticed a six-headed hydra
 14870 | Lair:2   | Killed a six-headed hydra
 14879 | Lair:2   | Noticed a five-headed hydra
 14896 | Lair:2   | Killed a five-headed hydra
 15025 | Lair:2   | Found a staircase to the Swamp.
 15432 | Lair:2   | Identified the +1 dagger of Disharmony {flame, Str+3 Int+3
                  | Dex-5}
 15773 | Lair:3   | Noticed an eight-headed hydra
 15996 | Lair:3   | Killed an eight-headed hydra
 15997 | Lair:3   | Reached XP level 14. HP: 35/108 MP: 15/15
 16131 | Lair:3   | You fall into a shaft and drop 2 floors!
 16131 | Lair:5   | Entered Level 5 of the Lair of Beasts
 16136 | Lair:5   | Identified the +1 flail of the Poles {heavy, Str+3}
 16263 | Lair:5   | Reached skill level 10 in Axes
 17863 | Lair:4   | Found a viscous altar of Jiyva.
 18016 | Lair:4   | Found a staircase to the Slime Pits.
 18072 | Lair:5   | Reached XP level 15. HP: 99/113 MP: 16/16
 18455 | Lair:4   | Fell from the grace of Ignis
 18455 | Lair:4   | Became a worshipper of Jiyva Jeatoaps the Shapeless
 18738 | Lair:4   | Reached * piety under Jiyva
 18848 | Lair:4   | Reached skill level 1 in Shields
 18888 | Lair:4   | Found a runed translucent door.
 19621 | Lair:3   | Reached ** piety under Jiyva
 19738 | Lair:3   | Found a staircase to the Snake Pit.
 19982 | D:11     | Killed agentgt's ghost
 19993 | D:11     | Killed TheFallenCrow's ghost
 19997 | D:11     | Killed Ekulo's ghost
 20183 | D:12     | Reached skill level 5 in Shields
 20220 | D:12     | Found a staircase to the Orcish Mines.
 20720 | D:12     | You fall into a shaft and drop 2 floors!
 20817 | D:13     | Noticed an ironbound preserver
 20818 | D:13     | Found a gate to the Vaults.
 20847 | D:13     | You fall into a shaft and drop 1 floor!
 20873 | D:13     | Was forgiven by Ignis
 20874 | D:13     | Killed an ironbound preserver
 20998 | D:13     | Found a flickering gateway to a bazaar.
 21004 | Bazaar   | Entered a bazaar
 21006 | Bazaar   | Found Qesiw's General Store.
 21010 | Bazaar   | Bought a potion of curing for 36 gold pieces
 21010 | Bazaar   | Found Roskut's Armour Boutique.
 21010 | Bazaar   | Found Yroqac's Weapon Boutique.
 21011 | Bazaar   | Found Xauruaj's General Store.
 21015 | Bazaar   | Bought a scroll of teleportation for 60 gold pieces
 21151 | D:13     | Reached *** piety under Jiyva
 21317 | D:13     | Gained mutation: You have acidic saliva. [Jiyva's grace]
 21317 | D:13     | Gained mutation: You possess an exceptional clarity of
                  | mind. [Jiyva's grace]
 21317 | D:13     | Gained mutation: You have a small jelly attached to you
                  | that senses nearby items. [Jiyva's grace]
 21317 | D:13     | Gained mutation: You are strong-willed. (Will+) [Jiyva's
                  | grace]
 21717 | D:14     | Noticed Frances
 21752 | D:14     | Reached XP level 16. HP: 90/120 MP: 17/17
 21758 | D:14     | Killed Frances
 21759 | D:14     | Reached skill level 10 in Shields
 21868 | D:14     | Noticed Agnes
 21908 | D:14     | Killed Agnes
 22184 | D:15     | Entered Level 15 of the Dungeon
 22342 | D:15     | Reached **** piety under Jiyva
 22362 | D:15     | Noticed Louise
 22583 | D:15     | Found a staircase to the Depths.
 22602 | D:15     | Killed Louise
 22831 | D:15     | Reached skill level 1 in Armour
 22961 | Orc:1    | Entered Level 1 of the Orcish Mines
 22962 | Orc:1    | Found Kiaff's Assorted Antiques.
 22968 | Orc:1    | Bought a scroll of teleportation for 69 gold pieces
 22968 | Orc:1    | Bought a scroll of fear for 92 gold pieces
 22994 | Orc:1    | Noticed Maurice
 23005 | Orc:1    | Killed Maurice
 23125 | Orc:2    | Entered Level 2 of the Orcish Mines
 23125 | Orc:2    | Found Aviaxo's Magic Scroll Shoppe.
 23125 | Orc:2    | Found Miroovul's Antique Armour Emporium.
 23242 | Orc:1    | Reached skill level 5 in Armour
 23341 | Orc:2    | Found Milyschax's Armour Shop.
 23346 | Orc:2    | Found Qesun's Antique Armour Shoppe.
 23371 | Orc:2    | Bought a scroll of acquirement for 780 gold pieces
 23371 | Orc:2    | Bought a scroll of teleportation for 45 gold pieces
 23371 | Orc:2    | Bought a scroll of teleportation for 45 gold pieces
 23371 | Orc:2    | Bought a scroll of summoning for 142 gold pieces
 23459 | Orc:2    | Found a staircase to the Elven Halls.
 23467 | Orc:2    | Reached ***** piety under Jiyva
 23467 | Orc:2    | Gained mutation: Your rubbery body absorbs attacks. (AC +1,
                  | EV +1) [Jiyva's grace]
 23467 | Orc:2    | Gained mutation: Your pliable body absorbs attacks. (AC +2,
                  | EV +2) [Jiyva's grace]
 23467 | Orc:2    | Gained mutation: Your gelatinous body deflects attacks. (AC
                  | +3, EV +3) [Jiyva's grace]
 23467 | Orc:2    | Gained mutation: Your mind is acute. (Int +4, Str/Dex -1)
                  | [Jiyva's grace]
 23807 | Orc:1    | Found Wiym's Distillery.
 23839 | Orc:1    | Bought a potion of heal wounds for 80 gold pieces
 23839 | Orc:1    | Bought 2 potions of heal wounds for 160 gold pieces
 23955 | Orc:1    | Found Orur's Magic Scroll Shoppe.
 23976 | Orc:1    | Bought a scroll of enchant weapon for 127 gold pieces
 24023 | D:12     | Acquired the amulet "Dicun" {Spirit Int+3 Slay+2}
 24165 | Snake:1  | Entered Level 1 of the Snake Pit
 24357 | Snake:1  | Found a glowing golden altar of the Shining One.
 24369 | Snake:1  | Reached XP level 17. HP: 106/125 MP: 18/18
 25070 | Snake:2  | Reached skill level 10 in Armour
 25202 | Snake:2  | Found Nufay's Jewellery Boutique.
 25203 | Snake:2  | Found Dimeyg Liocs's Book Shoppe.
 25205 | Snake:2  | Found Ugesaf Uture's Jewellery Boutique.
 25339 | Snake:2  | Reached skill level 10 in Fighting
 25362 | Snake:2  | You fall into a shaft and drop 1 floor!
 25595 | Snake:3  | Reached skill level 11 in Fighting
 25639 | Snake:3  | Found a snail-covered altar of Cheibriados.
 25769 | Snake:3  | Lost mutation: You have acidic saliva. [Jiyva's grace]
 25769 | Snake:3  | Gained mutation: Your mind is very acute. (Int +8, Str/Dex
                  | -2) [Jiyva's grace]
 25769 | Snake:3  | Gained mutation: Your melee attacks may engulf your foes in
                  | ooze. [Jiyva's grace]
 25769 | Snake:3  | Gained mutation: You are robust. (+10% HP) [Jiyva's grace]
 25769 | Snake:3  | Gained mutation: You are very robust. (+20% HP) [Jiyva's
                  | grace]
 25846 | Snake:3  | Reached skill level 12 in Fighting
 26025 | Snake:3  | Identified the +8 shortbow "Kaunoith" {heavy, Will+ Dex+3
                  | SInv}
 26270 | Snake:2  | Reached skill level 13 in Fighting
 26327 | Snake:2  | Reached ****** piety under Jiyva
 26409 | Snake:2  | Reached XP level 18. HP: 117/172 MP: 19/19
 26567 | Snake:4  | Entered Level 4 of the Snake Pit
 26743 | Snake:4  | Reached skill level 14 in Fighting
 27289 | Snake:4  | Found Poagud's Armour Shop.
 27451 | Snake:4  | Reached skill level 15 in Fighting
 27742 | Snake:4  | Noticed Vashnia
 27764 | Snake:4  | Slimified Vashnia
 27764 | Snake:4  | Vashnia changed into Vashnia the acid blob
 27764 | Snake:4  | Noticed Vashnia
 27889 | Snake:4  | Got a serpentine rune of Zot
 28200 | Slime:1  | Entered Level 1 of the Pits of Slime
 28251 | Slime:1  | Noticed an acid blob
 28338 | Slime:1  | Noticed an acid blob
 28536 | Swamp:1  | Entered Level 1 of the Swamp
 28764 | Swamp:1  | Lost mutation: Your mind is very acute. (Int +8, Str/Dex
                  | -2) [Jiyva's grace]
 28764 | Swamp:1  | Lost mutation: You are strong-willed. (Will+) [Jiyva's
                  | grace]
 28764 | Swamp:1  | Lost mutation: You are very robust. (+20% HP) [Jiyva's
                  | grace]
 28764 | Swamp:1  | Lost mutation: Your gelatinous body deflects attacks. (AC
                  | +3, EV +3) [Jiyva's grace]
 28764 | Swamp:1  | Lost mutation: Your pliable body absorbs attacks. (AC +2,
                  | EV +2) [Jiyva's grace]
 28764 | Swamp:1  | Gained mutation: You have supernaturally acute eyesight.
                  | (SInv) [Jiyva's grace]
 28764 | Swamp:1  | Gained mutation: Your mind is very acute. (Int +8, Str/Dex
                  | -2) [Jiyva's grace]
 28764 | Swamp:1  | Gained mutation: You are covered in slimy tendrils that may
                  | disarm your opponents. [Jiyva's grace]
 28764 | Swamp:1  | Gained mutation: You are strong-willed. (Will+) [Jiyva's
                  | grace]
 29103 | Swamp:2  | Noticed Kirke
 29109 | Swamp:2  | Killed Kirke
 29129 | Swamp:2  | Noticed Donald
 29141 | Swamp:2  | Reached XP level 19. HP: 121/170 MP: 16/20
 29141 | Swamp:2  | Killed Donald
 29220 | Swamp:2  | Reached skill level 15 in Shields
 29456 | Swamp:2  | Got the Compendium of Burning
 29607 | Swamp:3  | Noticed Mlioglotl
 29640 | Swamp:3  | Killed Mlioglotl
 30186 | Swamp:4  | Entered Level 4 of the Swamp
 30423 | Swamp:4  | Lost mutation: You are covered in slimy tendrils that may
                  | disarm your opponents. [Jiyva's grace]
 30423 | Swamp:4  | Gained mutation: You expend magic power (3 MP) to
                  | strengthen your wands. [Jiyva's grace]
 30423 | Swamp:4  | Gained mutation: A frigid envelope surrounds you and
                  | freezes all who hurt you. [Jiyva's grace]
 30423 | Swamp:4  | Gained mutation: You have a pair of small antennae on your
                  | head. [Jiyva's grace]
 30423 | Swamp:4  | Gained mutation: You have a pair of antennae on your head.
                  | [Jiyva's grace]
 30531 | Swamp:4  | Identified Roxanne's Omnibus of the Shift
 30531 | Swamp:4  | Noticed Roxanne
 30600 | Swamp:4  | Found an iron altar of Okawaru.
 30699 | Swamp:4  | Got a decaying rune of Zot
 31125 | Swamp:4  | Killed Roxanne
 31375 | Slime:5  | Entered Level 5 of the Pits of Slime
 31390 | Slime:5  | Found a viscous altar of Jiyva.
 31391 | Slime:5  | Noticed the Royal Jelly
 31391 | Slime:5  | Found the +27 heavy crossbow "Sniper" {heavy, Acc+∞ SInv}
 31396 | Slime:5  | Identified the +0 plate armour "Pel Woex" {Harm rC++}
 31398 | Slime:5  | Got a slimy rune of Zot
 31417 | Slime:5  | Got the Elucidation of Bewitchment
 31424 | Slime:5  | Identified the +5 arbalest of Strategic Superiority {heavy,
                  | Fly rN+ Will- Int+5}
 31427 | Slime:5  | Got the Volume of Coruscating Phantasms
 31682 | Depths:1 | Entered Level 1 of the Depths
 31682 | Depths:1 | Found a one-way gateway to a ziggurat.
 31853 | Depths:1 | Reached XP level 20. HP: 178/178 MP: 21/21
 31881 | Depths:1 | Found a portal to a secret trove of treasure.
 31982 | Depths:1 | Found a one-way gate leading to the halls of Pandemonium.
 32042 | Depths:1 | Found a gateway to Hell.
 32072 | Depths:1 | Reached skill level 15 in Armour
 32135 | Depths:1 | Found Cakkub's Book Shop.
 32140 | Depths:1 | Found Taagg's Book Shop.
 32520 | Depths:2 | Found Pumedew's Armour Shoppe.
 32553 | Depths:2 | Found a broken altar of Ashenzari.
 32589 | Depths:2 | Paralysed by a sphinx for 3 turns
 32621 | Depths:2 | Reached skill level 5 in Spellcasting
 32636 | Depths:2 | Lost mutation: Your mind is very acute. (Int +8, Str/Dex
                  | -2) [Jiyva's grace]
 32636 | Depths:2 | Lost mutation: You expend magic power (3 MP) to strengthen
                  | your wands. [Jiyva's grace]
 32636 | Depths:2 | Gained mutation: You have hidden genetic potential.
                  | [Jiyva's grace]
 32636 | Depths:2 | Gained mutation: You have great hidden genetic potential.
                  | [Jiyva's grace]
 32636 | Depths:2 | Gained mutation: You have very sharp teeth. [Jiyva's grace]
 32636 | Depths:2 | Gained mutation: You have extremely sharp teeth. [Jiyva's
                  | grace]
 32901 | Depths:2 | Noticed the Enchantress
 32951 | Depths:2 | Killed the Enchantress
 33052 | Depths:2 | Identified the staff of earth "Maim" {rN++ Will++}
 33334 | Depths:2 | Identified the +6 demon whip "Beetlebane" {pain, Will+
                  | Dex+4}
 33515 | Depths:3 | Reached skill level 16 in Fighting
 33667 | Depths:3 | Found an opulent altar of Gozag.
 33685 | Depths:3 | Reached XP level 21. HP: 116/188 MP: 27/33
 33954 | Depths:3 | Found Qumnynoe's Book Shop.
 33996 | Depths:3 | Reached skill level 17 in Fighting
 34291 | Depths:3 | Found a one-way gate to the infinite horrors of the Abyss.
 34416 | Depths:3 | Gained mutation: Your spells are a little harder to cast,
                  | but a little more powerful. [hidden potential]
 34491 | Depths:3 | Found a runed door.
 34616 | Depths:3 | Noticed an ancient lich
 34629 | Depths:3 | Killed an ancient lich
 34630 | Depths:3 | Reached skill level 18 in Fighting
 34630 | Depths:3 | Noticed an ancient lich
 34643 | Depths:3 | Killed an ancient lich
 34652 | Depths:3 | Identified the amulet of Xom's Malicious Joy {rN+ Regen+
                  | Str+2 Dex+4}
 34654 | Depths:3 | Identified the ring of Satiador {rF+ MP+9 SInv}
 34679 | Depths:3 | Got the Grimoire of Transformation
 34680 | Depths:3 | Identified the +0 pair of boots of the Harvest {Harm}
 34781 | Depths:3 | Identified the +10 falchion "Beetle's Undoing" {drain,
                  | Fragile Fly Will++ Str+4}
 34994 | Depths:4 | Entered Level 4 of the Depths
 35008 | Depths:4 | Noticed a golden dragon
 35043 | Depths:3 | Killed a golden dragon
 35231 | Depths:4 | Reached skill level 19 in Fighting
 35285 | Depths:4 | Noticed a caustic shrike
 35285 | Depths:4 | Noticed a caustic shrike
 35298 | Depths:4 | Killed a caustic shrike
 35399 | Depths:4 | Noticed a caustic shrike
 35415 | Depths:4 | Killed a caustic shrike
 35416 | Depths:4 | Reached XP level 22. HP: 162/206 MP: 34/34
 35423 | Depths:4 | Killed a caustic shrike
 35514 | Depths:4 | Lost mutation: You have a pair of antennae on your head.
                  | [Jiyva's grace]
 35514 | Depths:4 | Lost mutation: Your spells are a little harder to cast, but
                  | a little more powerful. [Jiyva's grace]
 35514 | Depths:4 | Lost mutation: You have great hidden genetic potential.
                  | [Jiyva's grace]
 35514 | Depths:4 | Lost mutation: You have a small jelly attached to you that
                  | senses nearby items. [Jiyva's grace]
 35514 | Depths:4 | Gained mutation: You passively dampen the noise of your
                  | surroundings. [Jiyva's grace]
 35514 | Depths:4 | Gained mutation: Your translucent skin slightly reduces
                  | your foes' accuracy. (Stealth+) [Jiyva's grace]
 35514 | Depths:4 | Gained mutation: Your translucent skin reduces your foes'
                  | accuracy. (Stealth+) [Jiyva's grace]
 35514 | Depths:4 | Gained mutation: Your transparent skin significantly
                  | reduces your foes' accuracy. (Stealth+) [Jiyva's grace]
 35638 | Depths:4 | Reached skill level 20 in Fighting
 35669 | Depths:4 | Identified the +0 robe of Death's Door {rElec rF+ rC+}
 36173 | Depths:4 | Gained mutation: Your mind is very acute. (Int +8, Str/Dex
                  | -2) [hidden potential]
 36173 | Depths:4 | Lost mutation: You have hidden genetic potential. [hidden
                  | potential expressed]
 36215 | Depths:4 | Found a gate to the Realm of Zot.
 36303 | Zot:1    | Entered Level 1 of the Realm of Zot
 36441 | Zot:1    | Noticed a golden dragon
 36454 | Zot:1    | HP: 9/211 [golden dragon (22)]
 36457 | Zot:1    | Annihilated by a golden dragon

Illustrated notes

Levels and vault maps discovered:
D:1:      dpeg_arrival_water_temple_mockup, layout_basic, serial_shops,
          nicolae_diamond_shop, nicolae_book_shop_shelving, shop, shop
D:2:      wad_lake_hut, layout_basic, st_stairs_2, uniq_natasha
D:3:      layout_basic, riverfiend_overflow_shadow_ancestor, uniq_ijyb
D:4:      layout_loops_corners, minmay_temple_entry_stoned_glass, uniq_pikel,
          uniq_crazy_yiuf_cottage
D:5:      layout_loops_cross, gammafunk_ghost_necromancy
D:6:      layout_loops_ring, enter_ossuary_3, hangedman_feature_mirror,
          uniq_maggie
D:7:      layout_basic, lemuel_mausoleum_altar_kikubaaqudgha
D:8:      layout_loops_cross, minmay_misc_feat_iff, uniq_erica, uniq_grum
D:9:      layout_basic, okawaru_gym_becter
D:10:     layout_gridville
D:11:     layout_long_grid, david_lair_shrubbed, gammafunk_ghost_cemetery
D:12:     layout_long_grid, orc_0_dummy
D:13:     layout_loops_ring, skrybe_vaults_entry_preservation, serial_shops,
          bzr_entry_road
D:14:     layout_rooms, minmay_staircase_statues, uniq_agnes, uniq_frances
D:15:     hangedman_depths_entry_try_elsewhere_first, layout_rooms,
          grunt_decor_arrowhead, kennysheep_pointless_box, uniq_louise
Lair:1:   layout_gridlike, portal_ice_cave_entry_ice_simulacra,
          grunt_megastairs_4
Lair:2:   layout_chaotic_city, palyth_hydra_swamp_entry
Lair:3:   layout_roguey, minmay_snake_entry_guardpost_medium, grunt_megastairs_5
Lair:4:   dreamdust_labyrinth, layout_small_grid, slime_entry_1,
          beast_lair_carwin_2, infiniplex_staircase_pool, lemuel_fruit_tree
Lair:5:   minmay_lair_end_frog_pond, layout_gridlike
Swamp:1:  cheibrodos_swamp_tower_of_moss, layout_basic_swamp,
          evilmike_swamp_ruin_house_3, swamp_pool1
Swamp:2:  layout_basic_swamp, evilmike_swamp_ruin_house_2, swamp_pool1,
          uniq_donald, uniq_kirke
Swamp:3:  layout_basic_swamp, evilmike_swamp_ruin_house_4, swamp_pool3,
          nicolae_swamp_big_swirl, uniq_mlioglotl
Swamp:4:  swamp, layout_basic_swamp, swamp_pool1, nicolae_swamp_godswood,
          cheibrodos_swamp_minitomb, uniq_roxanne
Snake:1:  layout_honeycomb, basic_altar
Snake:2:  layout_misc_corridors, minmay_shop_grove, grunt_megastairs_1
Snake:3:  layout_cave_shapes, basic_altar, nicolae_snake_dead_anacondas,
          serial_bayou_shore_b, grunt_megastairs_2, serial_bayou_shore_b
Snake:4:  johnstein_snake_rune_scales, layout_cave_town, serial_shops, shop,
          grunt_megastairs_3
Slime:1:  layout_caves
Slime:2:  layout_caves
Slime:3:  layout_caves
Slime:4:  layout_caves
Slime:5
Orc:1:    layout_diamond_mine, serial_shops, shop, shop,
          nicolae_shop_statue_plus, uniq_maurice
Orc:2:    st_orc_open, layout_caves
Depths:1: layout_cave_pools, enter_ziggurat_a, rand_demon_pan_entry_4,
          nicolae_trove_entry_isolated, columned_hall_lemuel, hell_entry,
          kilobyte_rumbling_trees, minmay_shop_star
Depths:2: grunt_forest_end_chambers, layout_cave_shapes, rand_demon_pan_entry_1,
          cheibrodos_ashenzari_chains, hellmouth_1, serial_shops,
          nicolae_diamond_shop, uniq_enchantress
Depths:3: evilmike_wizard_prison, layout_long_grid, minmay_room_of_horrors,
          serial_shops, nicolae_shop_window_shopping, hell_entry,
          grunt_gozag_statues, chequers_serial_rivers_room_a,
          minmay_staircase_windowed_large
Depths:4: grunt_zot_entry_hairpin, layout_basic, hangedman_coc_ice_floe
Zot:1:    layout_twisted_circle

Skill      XL: |  1  2  3  4  5  6  7  8  9 10 11 12 13 14 15 16 17 18 19 20 21 22 |
---------------+-------------------------------------------------------------------+-----
Maces & Flails | 4 |  4.3
Polearms       | 1 3 4 5 8 9 12 15 | 15.8
Fighting       | 8 9 13 15 16 19 20 | 20.9
Dodging        | 9 10 | 10.1
Axes           | 9 14 | 14.9
Shields        | 9 12 14 15 | 15.0
Armour         | 8 10 14 15 | 15.0
Spellcasting   | 8 |  8.0
Fire Magic     | |  3.0

Action                     |  1- 3 |  4- 6 |  7- 9 | 10-12 | 13-15 | 16-18 | 19-21 | 22-24 || total
---------------------------+-------+-------+-------+-------+-------+-------+-------+-------++-------
  Melee: Mace              |    98 |       |       |       |       |       |       |       ||    98
         Punch             |     2 |       |       |       |       |       |       |       ||     2
         Bardiche          |     4 |   257 |   253 |   250 |       |       |       |       ||   764
         Trident           |       |       |       |   605 |   128 |    19 |    21 |       ||   773
         Broad axe         |       |       |       |       |   886 |  1272 |  1327 |   227 ||  3712
         Bite              |       |       |       |       |     6 |    85 |   121 |    41 ||   253
  Throw: Dart              |       |       |     1 |       |       |       |       |       ||     1
         Throwing net      |       |       |       |       |       |     1 |       |       ||     1
 Invoke: Fiery Armour      |       |     1 |       |     2 |     2 |       |       |       ||     5
         Foxfire Swarm     |       |     1 |       |       |       |       |       |       ||     1
         Rising Flame      |       |     1 |       |       |       |       |       |       ||     1
         Oozemancy         |       |       |       |       |       |     1 |       |       ||     1
         Slimify           |       |       |       |       |       |     1 |       |       ||     1
  Evoke: Wand              |       |       |     2 |    11 |    12 |     1 |       |       ||    26
    Use: Scroll            |       |       |       |    12 |    25 |     6 |     8 |    11 ||    62
         Potion            |       |       |       |     6 |     8 |     5 |    14 |     1 ||    34
   Stab: Invisible         |       |       |       |     2 |     5 |       |       |       ||     7
         Petrified         |       |       |       |       |     7 |       |       |       ||     7
         Petrifying        |       |       |       |       |     1 |       |       |       ||     1
         Held in net/web   |       |       |       |       |       |     1 |       |       ||     1
         Confused          |       |       |       |       |       |     1 |       |       ||     1
         Distracted        |       |       |       |       |       |       |     1 |       ||     1
 Armour: Robe              |    19 |       |   118 |   272 |     6 |       |       |       ||   415
         Ring mail         |       |   195 |    11 |       |       |       |       |       ||   206
         Swamp dragon scal |       |       |       |       |   399 |       |       |       ||   399
         Chain mail        |       |       |       |       |   226 |   672 |   881 |    91 ||  1870
         Storm dragon scal |       |       |       |       |       |       |       |    34 ||    34
  Dodge: Dodged            |    49 |   215 |   155 |   304 |   530 |   448 |   534 |    94 ||  2329
  Block: Other             |       |       |    33 |    52 |       |       |       |       ||    85
         Buckler           |       |       |       |   151 |   447 |     9 |       |       ||   607
         Reflection        |       |       |       |     3 |    22 |     6 |       |       ||    31
         Kite shield       |       |       |       |       |       |   819 |   828 |   122 ||  1769
